 Dungeon Crawl Stone Soup version 0.30-a0-586-g23e55c9e0a (webtiles) character file.

Game seed: 3349487714931623696

278 brightshaft the Shooter (level 6, 0/36 HPs)
             Began as a Tengu Hunter on Jan 4, 2023.
             Slain by an orc wizard
             ... wielding a +0 dagger
              (2 damage)
             ... on level 3 of the Dungeon.
             The game lasted 00:06:43 (3087 turns).

brightshaft the Shooter (Tengu Hunter)              Turns: 3087, Time: 00:06:43

Health: 0/36       AC:  3    Str: 11    XL:     6   Next: 26%
Magic:  7/7        EV: 15    Int: 10    God:
Gold:   167        SH:  0    Dex: 19    Spells: 3/5 levels left

rFire   . . .      SeeInvis .    b - +0 long sword
rCold   . . .      Faith    .    (no shield)
rNeg    . . .      Spirit   .    c - +0 leather armour
rPois   .          Reflect  .    (helmet restricted)
rElec   .          Harm     .    (no cloak)
rCorr   .          Rampage  .    (no gloves)
Will    .....                    (boots unavailable)
Stlth   ++                       (no amulet)
HPRegen 0.26/turn                (no ring)
MPRegen 0.10/turn                (no ring)

@: flying quickly and evasively, quick
A: beak, talons 3, nimble flight, mutation resistance 1
a: no special abilities


You were on level 3 of the Dungeon.
You visited 1 branch of the dungeon, and saw 4 of its levels.

You collected 167 gold pieces.

Inventory:

Hand Weapons
 a - a +0 shortbow
 b - a +0 long sword (weapon)
Armour
 c - a +0 leather armour (worn)
Scrolls
 d - 2 scrolls of teleportation {@r4}
 f - a scroll of blinking
 o - a scroll of fear
 p - 2 scrolls of immolation
Potions
 e - a potion of ambrosia {unknown}
 g - 2 potions of might
 h - a potion of lignification {unknown}
 i - a potion of haste {unknown}
 j - a potion of mutation
 k - a potion of flight {unknown}
 l - a potion of attraction {unknown}
 m - a potion of curing {@q1}
 n - a potion of cancellation {unknown}
 q - 2 potions of berserk rage {unknown}


   Skills:
 + Level 2.7 Fighting
 * Level 6.9 Ranged Weapons
 + Level 1.6 Armour
 + Level 2.9 Dodging
 - Level 1.0 Stealth
 + Level 1.0 Transmutations


You had 3 spell levels left.
You knew the following spells:

 Your Spells              Type           Power      Damage    Failure   Level
a - Wereblood             Tmut           2%         N/A       45%         2

Your spell library contained the following spells:

 Spells                   Type           Power      Damage    Failure   Level
 Beastly Appendage        Tmut           4%         N/A       32%         1
 Spider Form              Tmut/Pois      1%         N/A       77%         3


Dungeon Overview and Level Annotations

Branches:
Dungeon (4/15)
 Temple: D:4-7

Altars:
Cheibriados
Nemelex Xobeh
Yredelemnul

Shops:
D:3 (   D:4 (**


Innate Abilities, Weirdness & Mutations

You have a beak for a mouth.
You have claws for feet.
Your magical nature lets you fly swiftly and evasively.
You are somewhat resistant to further mutation.


Message History

You shoot an arrow.
You hear some strange, mumbled words.
A puff of flame appears from out of thin air!
The puff of flame misses you. Something closely misses you. Something hits you.
* * * LOW HITPOINT WARNING * * *
Something hits you but does no damage.
Fire: a) +0 shortbow
Press: ? - help, Q - select action Shift-Dir - straight line You shoot an arrow.
You hear some strange, mumbled words.
You are confused.
Something hits you.
* * * LOW HITPOINT WARNING * * *
It was a potion of mutation.
You feel extremely strange.
You feel genetically stable. Something barely misses you. x2
It was a potion of curing.
You feel better. Something barely misses you. Something hits you.
b - a +0 long sword (weapon)
You barely miss something.
You hear some strange, mumbled words.
Something tries to affect you, but you resist.
Something barely misses you. Something hits you. x2
* * * LOW HITPOINT WARNING * * *
You closely miss something. Your kick misses something. You peck something.
Something hits you but does no damage. Something hits you.
* * * LOW HITPOINT WARNING * * *
You hit something. You claw something.
Something hits you but does no damage. x3
You hear some strange, mumbled words.
A magic dart appears from out of thin air!
The magic dart hits you.
* * * LOW HITPOINT WARNING * * *
There is an escape hatch in the ceiling here.
You hear some strange, mumbled words.
A puff of flame appears from out of thin air!
The puff of flame misses you. A mysterious force pulls you upwards.
The hatch slams shut behind you.
Reactivating autopickup.
Something hits you.
You die...

.##.#.##...................#
.##.#.###.#..###...#######.######
......# #.#..# #...#...........<#
###...###.#..# ###.......#.######
#....##.#..# #.......#.#
#.#..##.#..# #.......#.#
#.#..<#....# #.........#
##.##.#####.#####.......######
#..............@'.......'....#
#....#.####.#####.......####+##
#....#.####.#####.............#
#...............+.............#
#######...†.#####.............#
#.###.# ###............## #.# #.#
#....############# #.###.###....#
##^ ###...#..##....###########..


There were no monsters in sight!

Vanquished Creatures
  An ice beast (D:4)
  Jessica (D:3)
  3 adders
  2 gnolls
  An ufetubus (D:4)
  A worm (D:3)
  3 dart slugs
  3 orcs
  5 bats
  9 endoplasms
  7 giant cockroaches
  9 hobgoblins
  4 jackals (D:1)
  4 quokkas
  7 ball pythons
  14 frilled lizards
  4 goblins
  9 kobolds
  6 rats
  A spectral orc (D:3)
94 creatures vanquished.

Notes
Turn   | Place    | Note
-------+----------+-------------------------------------------
     0 | D:1      | brightshaft the Tengu Hunter began the quest for the Orb.
     0 | D:1      | Reached XP level 1. HP: 12/12 MP: 2/2
    63 | D:1      | Reached XP level 2. HP: 17/17 MP: 3/3
   209 | D:1      | Found a faded altar of an unknown god.
   236 | D:1      | Reached skill level 5 in Ranged Weapons
   426 | D:1      | Reached XP level 3. HP: 21/21 MP: 4/4
  1006 | D:2      | Reached skill level 6 in Ranged Weapons
  1058 | D:2      | Reached XP level 4. HP: 26/26 MP: 5/5
  1204 | D:2      | Learned a level 2 spell: Wereblood
  1699 | D:3      | Noticed Jessica
  1700 | D:3      | Killed Jessica
  1701 | D:3      | Gained mutation: Your magical nature lets you fly swiftly
                  | and evasively. [Tengu growth]
  1701 | D:3      | Reached XP level 5. HP: 30/30 MP: 6/6
  1789 | D:3      | Found a basalt altar of Yredelemnul.
  1851 | D:3      | Found a sparkling altar of Nemelex Xobeh.
  2081 | D:3      | Found Zexiecid's Weapon Shoppe.
  2256 | D:3      | Reached skill level 1 in Armour
  2443 | D:4      | Found Uhierasy's General Store.
  2453 | D:4      | Found Wel Foto's General Store.
  2459 | D:4      | Found Seth's Weapon Shoppe.
  2551 | D:4      | Noticed an ice beast
  2589 | D:4      | Killed an ice beast
  2590 | D:4      | Reached skill level 1 in Transmutations
  2590 | D:4      | Reached XP level 6. HP: 13/36 MP: 7/7
  2927 | D:4      | Identified the +7 flail "Ytsiz" {flame, Int+4}
  3011 | D:4      | Found a snail-covered altar of Cheibriados.
  3077 | D:4      | Gained mutation: You are somewhat resistant to further
                  | mutation. [potion of mutation]
  3082 | D:4      | HP: 1/36 [something/magic dart (5)]
  3087 | D:3      | Slain by an orc wizard

Illustrated notes

Levels and vault maps discovered:
D:1:      saegor_arrival_simple_d, layout_basic,
          shapermc_ecumenical_altar_pompeii, minmay_lizard_pond
D:2:      layout_loops_ring
D:3:      minmay_razor_zed, layout_basic, yredelemnul_forgotten_temple_becter,
          mainiacjoe_overflow_six_doors_small, serial_shops,
          nicolae_square_shop, uniq_jessica
D:4:      layout_loops_cross, general_overflow_altar, serial_shops, shop,
          shop_statue, shop

Skill      XL: |  1  2  3  4  5 |
---------------+----------------+-----
Ranged Weapons | 5 6 |  6.9
Armour         | 1 |  1.6
Transmutations | 1 |  1.0
Fighting       | |  2.7
Dodging        | |  2.9
Stealth        | |  1.0

Action                   |  1- 3 |  4- 6 || total
-------------------------+-------+-------++-------
Melee: Long sword        |       |     3 ||     3
       Kick              |       |     1 ||     1
       Peck              |       |     1 ||     1
 Fire: Shortbow          |    98 |   139 ||   237
  Use: Scroll            |       |     8 ||     8
       Potion            |       |     2 ||     2
Armor: Leather armour    |     7 |    12 ||    19
Dodge: Dodged            |    29 |    41 ||    70

Table legend: (Time is in decaauts)
 A = Elapsed time spent in this place.
 B = Non-inter-level travel time spent in this place.
 C = Inter-level travel time spent in this place.
 D = Time resting spent in this place.
 E = Time spent auto-exploring this place.
 F = Levels seen in this place.
 G = Mean time per level.
                   A        B        C        D        E       F      G
               +--------+--------+--------+--------+--------+-----+--------+
         Total |   3032 |   2974 |     58 |      0 |   2457 |   4 |  758.0 |
       Dungeon |   3032 |   2974 |     58 |      0 |   2457 |   4 |  758.0 |
               +--------+--------+--------+--------+--------+-----+--------+

Top non-repeatable levels by time:
     D:1: 950 daAuts
     D:3: 831 daAuts
     D:4: 680 daAuts
     D:2: 570 daAuts
